 Dungeon Crawl Stone Soup version 0.27.1-3-gb3d3a73c9e (webtiles) character file.

Game seed: 17764530970025591314

190 Sirial the Shield-Bearer (level 6, 0/41 (42) HPs)
             Began as a Human Fighter on Oct 19, 2021.
             Was a Follower of Hepliaklqana.
             Slain by Crazy Yiuf (13 damage)
             ... on level 2 of the Dungeon.
             The game lasted 00:04:34 (2193 turns).

Sirial the Shield-Bearer (Human Fighter)            Turns: 2193, Time: 00:04:35

HP:   0/41 (42)     AC:  8    Str: 18    XL:     6   Next: 1%
MP:   5/6           EV:  7    Int:  9    God:    Hepliaklqana [*.....]
Gold: 101           SH:  9    Dex: 12    Spells: 5/5 levels left

rFire    . . .     SeeInvis .   j - +4 club
rCold    . . .     Faith    .   c - +0 kite shield
rNeg     . . .     Spirit   .   b - +0 scale mail
rPois    .         Reflect  .   (no helmet)
rElec    .         Harm     .   f - +0 cloak
rCorr    .         Rampage  .   (no gloves)
Will     .....                  (no boots)
Stlth    ..........             g - amulet of regeneration
HPRegen  1.13/turn              (no ring)
MPRegen  0.10/turn              (no ring)

@: lethally poisoned (0 -> -1), lightly drained
A: reduced essence
a: Renounce Religion, Recall Ancestor, Ancestor Identity


You were on level 2 of the Dungeon.
You worshipped Hepliaklqana.
Hepliaklqana was aware of your devotion.
You visited 1 branch of the dungeon, and saw 2 of its levels.

You collected 101 gold pieces.

Inventory:

Hand Weapons
 a - a +0 long sword
 j - a +4 club (weapon)
Missiles
 e - 6 datura-tipped darts (quivered)
Armour
 b - a +0 scale mail (worn)
 c - a +0 kite shield (worn)
 f - a +0 cloak (worn)
Jewellery
 g - an amulet of regeneration (around neck)
 i - an amulet of guardian spirit
Wands
 k - a wand of polymorph (4)
Scrolls
 h - a scroll of teleportation
Potions
 l - 3 potions of curing


   Skills:
 + Level 3.5 Fighting
 + Level 3.8 Long Blades
 + Level 3.7 Armour
 + Level 0.9 Dodging
 + Level 0.5 Stealth
 + Level 3.9 Shields


You had 5 spell levels left.
You didn't know any spells.
Your spell library was empty.

Dungeon Overview and Level Annotations

Branches:
Dungeon (2/15)

Altars:
Hepliaklqana

Annotations:
D:2 Crazy Yiuf


Message History

You block Crazy Yiuf's attack.
Crazy Yiuf hits you with a +4 quarterstaff of chaos.
You feel your power leaking away.
You hit Crazy Yiuf.
Crazy Yiuf is moderately wounded.
Crazy Yiuf hits you with a +4 quarterstaff of chaos!
Crazy Yiuf draws strength from your wounds!
You closely miss Crazy Yiuf.
Crazy Yiuf is lightly wounded.
Crazy Yiuf grits, "Line agre horse!"
Crazy Yiuf barely misses you. You block Crazy Yiuf's attack.
You hit Crazy Yiuf.
Crazy Yiuf is moderately wounded.
You block Crazy Yiuf's attack. x2
You closely miss Crazy Yiuf.
Crazy Yiuf is moderately wounded.
Crazy Yiuf yells, "Trifle!
Papa unthinkable rumpyflump."
Crazy Yiuf hits you but does no damage.
You hit Crazy Yiuf but do no damage.
Crazy Yiuf is moderately wounded.
Crazy Yiuf barely misses you.
Crazy Yiuf hits you with a +4 quarterstaff of chaos.
You feel drained.
You hit Crazy Yiuf.
Crazy Yiuf is heavily wounded.
Crazy Yiuf hits you with a +4 quarterstaff of chaos!
You are poisoned.
You hit Crazy Yiuf but do no damage.
Crazy Yiuf is heavily wounded.
You feel very sick. You block Crazy Yiuf's attack.
Crazy Yiuf hits you with a +4 quarterstaff of chaos.
You hit Crazy Yiuf.
Crazy Yiuf is severely wounded.
You feel sick. Crazy Yiuf closely misses you.
You closely miss Crazy Yiuf.
Crazy Yiuf is severely wounded.
You feel sick.
Crazy Yiuf hits you with a +4 quarterstaff of chaos!
You die...

# #.####'#.#
#.###### # #.#
#.#.# #......## #
#.# #.#.#
#.####..# # #.#
##### ### ##.#
######.# #.#
.....#.# #.##
.....#.# ###
♣♣##..# .....#.#
#)..#♣♣ ♣♣P+...#
.....#.#
#...g@♣♣♣♣.P....#
.....#.#
#...#♣R.♣RP....##
.....#.# ###
♣♣♣.♣..+.##
.....#.# ♣♣♣♣♣###
.....#.# .....#.#
### .....#.####.#
######.#....#
#.#.####


You could see the friendly Nkonkoni the ancestor and Crazy Yiuf (ally target).

Vanquished Creatures
  An orc priest (D:2)
  Jessica (D:2)
  An orc wizard (D:2)
  Natasha (twice) (D:2)
  Robin (D:2)
  An adder (D:2)
  2 dart slugs
  4 orcs (D:2)
  A ball python (D:1)
  4 endoplasms
  5 hobgoblins
  2 kobolds (D:2)
  A quokka (D:1)
  A bat (D:1)
  2 frilled lizards
  5 goblins (D:2)
34 creatures vanquished.

Notes
Turn   | Place    | Note
-------+----------+-------------------------------------------
     0 | D:1      | Sirial the Human Fighter began the quest for the Orb.
     0 | D:1      | Reached XP level 1. HP: 18/18 MP: 1/1
   409 | D:1      | Reached XP level 2. HP: 24/24 MP: 2/2
  1107 | D:2      | Noticed Robin
  1120 | D:2      | Killed Robin
  1121 | D:2      | Reached XP level 3. HP: 29/29 MP: 3/3
  1204 | D:2      | Noticed Natasha
  1216 | D:2      | Killed Natasha
  1217 | D:2      | Reached XP level 4. HP: 34/35 MP: 4/4
  1343 | D:2      | Found a runed translucent door.
  1344 | D:2      | Noticed Crazy Yiuf
  1489 | D:2      | HP: 1/52 [orc priest/divine providence (12)]
  1494 | D:2      | Reached XP level 5. HP: 6/41 MP: 5/5
  1501 | D:2      | Noticed Natasha
  1505 | D:2      | Killed Natasha
  1520 | D:2      | Noticed Jessica
  1641 | D:2      | Noticed a golden eye
  1642 | D:2      | Noticed a golden eye
  1644 | D:2      | Found a faded altar of an unknown god.
  1646 | D:2      | Noticed a golden eye
  1647 | D:2      | Noticed a shining eye
  1652 | D:2      | Became a worshipper of Hepliaklqana the Forgotten
  1652 | D:2      | Reached * piety under Hepliaklqana
  2034 | D:2      | Killed Jessica
  2035 | D:2      | Reached XP level 6. HP: 23/42 MP: 6/6
  2193 | D:2      | Slain by Crazy Yiuf

Illustrated notes

Levels and vault maps discovered:
D:1:      minmay_arrival_jagged, layout_basic
D:2:      cheibrodos_pilgrimage, layout_basic,
          hellmonk_ecumenical_altar_watching_god, kennysheep_nub, uniq_robin,
          uniq_natasha, uniq_jessica, uniq_crazy_yiuf_cottage

Skill      XL: |  1  2  3 |
---------------+----------+-----
Long Blades    | 3 |  3.8
Fighting       | |  3.5
Armour         | |  3.7
Dodging        | |  0.9
Stealth        | |  0.5
Shields        | |  3.9

Action                   |  1- 3 |  4- 6 || total
-------------------------+-------+-------++-------
Melee: Long sword        |    60 |    49 ||   109
       Club              |       |    11 ||    11
  Use: Potion            |     2 |     4 ||     6
       Scroll            |     1 |       ||     1
Armor: Scale mail        |    35 |    22 ||    57
Dodge: Dodged            |    17 |    15 ||    32
Block: Kite shield       |    32 |    26 ||    58
       Rpst.: Long sword |     7 |     5 ||    12
